 Dungeon Crawl Stone Soup version 0.18-a0-1203-gbde16db (webtiles) character file.

303 JustSomeDude the Ducker (level 6, -3/48 HPs)
             Began as a Demonspawn Monk on Jan 31, 2016.
             Killed by nerve-wracking pain
             ... invoked by an orc priest
              (10 damage)
             ... on level 4 of the Dungeon.
             The game lasted 00:05:36 (2585 turns).

JustSomeDude the Ducker (Demonspawn Monk)           Turns: 2585, Time: 00:05:37

Health: -3/48      AC:  7    Str: 12    XL:     6   Next: 15%
Magic:  6/6        EV: 14    Int: 11    God:
Gold:   175        SH:  0    Dex: 17    Spells: 0 memorised, 5 levels left

rFire  . . .     SeeInvis .     h - +1 spear (pierce)
rCold  . . .     Gourm    .     n - +0 leather armour
rNeg   . . .     Faith    .     (no shield)
rPois  .         Spirit   .     (no helmet)
rElec  .         Dismiss  .     g - +2 cloak
rCorr  .         Reflect  .     (no gloves)
SustAt .         Harm     .     (no boots)
MR     .....                    j - amulet of rage
Stlth  +++.......               (no ring)
                                (no ring)

@: not resistant to hostile enchantments, fairly stealthy
A: rugged brown scales 1, demonic guardian 1, nightstalker 1
a: Evoke Berserk Rage


You were on level 4 of the Dungeon.
You were hungry.

You visited 1 branch of the dungeon, and saw 4 of its levels.

You collected 175 gold pieces.

Inventory:

Hand Weapons
 h - a +1 spear of piercing (weapon)
Armour
 g - a +2 cloak (worn)
 n - a +0 leather armour (worn)
Jewellery
 j - an amulet of rage (around neck)
Scrolls
 a - a scroll of fear {unknown}
 f - a scroll of remove curse
 i - a scroll of blinking {unknown}
 k - 2 scrolls of teleportation {unknown}
 p - 3 scrolls of identify {unknown}
 r - a scroll of enchant armour {unknown}
Potions
 c - 2 potions of curing
 e - a potion of flight
 t - a potion of agility
 u - a potion of ambrosia {unknown}
Comestibles
 b - 2 bread rations
 l - a slice of pizza
 m - 3 meat rations


   Skills:
 + Level 3.5 Fighting
 + Level 1.1 Polearms
 + Level 1.4 Armour
 + Level 4.4 Dodging
 + Level 3.2 Stealth
 + Level 4.2 Unarmed Combat


You had 5 spell levels left.
You didn't know any spells.

Dungeon Overview and Level Annotations

Branches:
Dungeon (4/15)
 Temple: D:4-7

Altars:


Innate Abilities, Weirdness & Mutations

You are partially covered in rugged brown scales (AC +1, +3% HP).
A weak demonic guardian rushes to your aid.
You are slightly more attuned to the shadows.


Message History

You hit the orc priest.
The orc priest is moderately wounded.
The orc priest closely misses you.
You hit the orc priest but do no damage.
The orc priest is moderately wounded.
The orc priest looks braver for a moment.
You hit the orc priest.
The orc priest is severely wounded.
Your quasit disappears in a puff of smoke!
The orc priest misses you.
You closely miss the orc priest.
The orc priest is severely wounded.
The orc priest mumbles some strange prayers to Beogh against you.
Pain shoots through your body!
* * * LOW HITPOINT WARNING * * *
You hit the orc priest.
The orc priest is almost dead.
The orc priest calls down the wrath of Beogh upon you.
Pain shoots through your body!
You die... #..# #..# #... #..# #. ##..# #. oo.

#. #o# #.
#@# #.
##.#
#.##.#(#
#.#.###?##
#..## #.#
#.#.###.##
#.##.#.#
#.#...##
#......##


You could see an orc priest and 2 orcs.

Vanquished Creatures
  The ghost of M4edhros the Sneak, an amateur OpAr (D:3)
  2 orc wizards (D:3)
  2 orc priests
  A hound (D:4)
  3 adders
  A worm (D:2)
  3 giant geckos
  An orc (D:3)
  9 bats
  4 giant cockroaches
  4 goblins
  4 hobgoblins
  14 jackals
  3 kobolds
  A quokka (D:3)
  4 giant newts
  11 rats
68 creatures vanquished.

Notes
Turn   | Place    | Note
--------------------------------------------------------------
     0 | D:1      | JustSomeDude the Demonspawn Monk began the quest for the Orb.
     0 | D:1      | Reached XP level 1. HP: 18/18 MP: 1/1
   428 | D:1      | Gained mutation: You are partially covered in rugged brown scales (AC +1, +3% HP). [demonic ancestry]
   428 | D:1      | Reached XP level 2. HP: 18/24 MP: 2/2
   800 | D:2      | Reached skill level 4 in Unarmed Combat
   814 | D:2      | Gained mutation: A weak demonic guardian rushes to your aid. [demonic ancestry]
   814 | D:2      | Reached XP level 3. HP: 29/29 MP: 3/3
  1669 | D:3      | Reached XP level 4. HP: 33/36 MP: 4/4
  1862 | D:3      | Noticed M4edhros's ghost (amateur OpAr)
  1871 | D:3      | Killed M4edhros's ghost
  1871 | D:3      | Reached skill level 1 in Armour
  1871 | D:3      | Reached XP level 5. HP: 29/42 MP: 5/5
  1926 | D:3      | Reached skill level 1 in Polearms
  1935 | D:3      | HP: 2/42 [orc wizard/dagger (1)]
  2570 | D:4      | Gained mutation: You are slightly more attuned to the shadows. [demonic ancestry]
  2570 | D:4      | Reached XP level 6. HP: 27/48 MP: 6/6
  2585 | D:4      | Killed from afar by an orc priest

Vault maps used:
D:1:      scummos_arrival_hexagon, serial_glass, glass_columns_b,
          glass_columns_b, glass_columns_a, glass_columns_b, minmay_door_square,
          hex_tiny, kennysheep_crisscross
D:2:      minivault_19, patterned_corridor
D:3:      grunt_decor_one_mirror
D:4:      minmay_temple_entry_statues_pillars, uniq_sigmund

Action                   |  1- 3 |  4- 6 || total
-------------------------+-------+-------++-------
Melee: Unarmed           |    17 |       ||    17
       Spear             |   122 |   110 ||   232
  Use: Scroll            |     1 |       ||     1
       Potion            |       |     6 ||     6
 Stab: Sleeping          |    10 |     5 ||    15
       Distracted        |     1 |       ||     1
  Eat: Chunk             |     2 |     3 ||     5
